Cogmind - Beta 14 @@@ ROGUE MODE // 2024.09.06 @ 16:21:34 Player: Evel Wyn Result: Self-destructed Performance ------------- Evolutions (3) 1500 Regions Visited (5) 1000 Robots Destroyed (10) 50 Value Destroyed (191) 191 Prototype IDs (0) 0 Alien Tech Used (0) 0 Bonus (0) 0 TOTAL SCORE: 2741 Bonus ------- None Cogmind --------- Core Integrity 659/700 Matter 230/300 Energy 65/125 System Corruption 4% Temperature Cool (0) Movement Flying (115) Ox1 Location -7/Factory Parts ------- > --- POWER (1) -------- Light Ion Engine > --- PROPULSION (5) --- VTOL Module > --- UTILITY (5) ------ Improved Heat Sink Advanced Visual Processing Unit Hacking Suite > --- WEAPON (2) ------- Lightning Gun > --- INVENTORY (5) ---- Micro Nuclear Core Advanced Visual Processing Unit Improved Sensor Array Hardlight Generator Peak State ------------ > --- POWER ------------ Light Ion Engine > --- PROPULSION ------- VTOL Module Xenon Bombardment Thruster > --- UTILITY ---------- Improved Heat Sink Advanced Visual Processing Unit Advanced Targeting Computer Reaction Control System Hacking Suite > --- WEAPON ----------- Lightning Gun Arc Projector > --- INVENTORY -------- Light Ion Engine Advanced Visual Processing Unit Hardlight Generator Corruption Screen [Rating: 31] Favorites ----------- Power Light Ion Engine Engine Light Ion Engine Power Core Micro Nuclear Core Propulsion Flight Unit Leg Aluminum Leg Flight Unit Flight Unit Utility Sensor Array Device Sensor Array Storage Small Storage Unit Processor Signal Interpreter Hackware Hacking Suite Weapon Grenade Launcher Energy Gun EM Pulse Gun Ballistic Gun Light Assault Rifle Launcher Grenade Launcher Build | -11 -10 -9 -9 -8 -7 ------- Run | Yrd Mat Mat Min Mat Fac Slots Evolved 6 | . . 2 . 2 2 Power . | . . . . . . Propulsion 3 | . . 2 . . 1 Utility 3 | . . . . 2 1 Weapon . | . . . . . . Parts Attached 36 | 6 6 8 . 8 8 Power 4 | 1 1 . . . 2 Engine 3 | 1 1 . . . 1 Core 1 | . . . . . 1 Reactor . | . . . . . . Propulsion 9 | 2 2 3 . . 2 Treads . | . . . . . . Leg 2 | 2 . . . . . Wheel . | . . . . . . Hover . | . . . . . . Flight 7 | . 2 3 . . 2 Utility 13 | 1 2 2 . 6 2 Device 6 | . 1 . . 3 2 Storage 1 | 1 . . . . . Processor 5 | . 1 2 . 2 . Hackware 1 | . . . . 1 . Protection . | . . . . . . Artifact . | . . . . . . Weapon 10 | 2 1 3 . 2 2 Energy Gun 6 | 1 . 1 . 2 2 Energy Cannon . | . . . . . . Ballistic Gun 1 | 1 . . . . . Ballistic Cannon . | . . . . . . Launcher 3 | . 1 2 . . . Special Weapon . | . . . . . . Impact Weapon . | . . . . . . Slashing Weapon . | . . . . . . Piercing Weapon . | . . . . . . Special Melee Weapon . | . . . . . . Unidentified Prototypes . | . . . . . . Corrupted Parts 1 | . . . . . 1 System Corruption 4 | . . . . . 4 Parts Lost 16 | . 1 4 . 5 6 Power 1 | . 1 . . . . Propulsion 6 | . . 2 . 1 3 Utility 4 | . . 1 . 1 2 Weapon 5 | . . 1 . 3 1 Highest Loss Streak 5 | . 1 4 . 2 5 To Critical Strikes . | . . . . . . Average Slot Usage (%) 84 | . 93 89 88 78 65 Engine 10 | . 12 11 11 9 7 Leg 3 | . 9 . . . . Flight 24 | . 18 38 33 22 16 Device 8 | . 9 6 . 7 12 Storage 1 | . 5 . . . . Processor 13 | . 8 12 22 18 12 Hackware 2 | . . . . 7 7 Energy Gun 6 | . 2 8 11 9 6 Ballistic Gun 5 | . 14 2 . . . Launcher 7 | . 11 9 11 4 . Peak Build Rating 31 | 6 7 11 12 23 31 Average Rating 12 | 4 6 9 11 19 24 On Entrance 9 | . 6 7 11 12 21 Naked Turns . | . . . . . . Heaviest Build 12 | 11 12 9 8 11 9 Greatest Support 20 | 20 20 16 12 12 14 Greatest Overweight (x) 1 | . . . . 1 1 Average Overweight (x) . | . . . . . . Largest Inventory Capacity 8 | 8 8 5 5 5 5 Average Capacity 5 | 6 6 5 5 5 5 Most Carried 8 | 6 8 5 5 5 5 Average Carried 4 | 4 5 3 4 4 4 Final Capacity 8 | 8 5 5 5 5 5 Final Carried 6 | 6 5 4 5 5 4 Class Distribution -------------------- 32% | Mutant 32% | Sprinter 21% | Scavenger-Mutant 13% | Scavenger-Sprinter Dominant Class ---------------- Scavenger-Mutant | -10/Materials Scavenger-Sprinter | -9/Materials Sprinter | -9/Mines Mutant | -8/Materials Sprinter | -7/Factory Resources | -11 -10 -9 -9 -8 -7 ----------- Run | Yrd Mat Mat Min Mat Fac Matter Collected 492 | 212 136 44 60 40 . Remotely . | . . . . . . Salvage Created 171 | . 55 56 . . 60 Parts 22 | . 13 4 . . 5 Haulers Intercepted . | . . . . . . Recyclers Shooed 1 | . 1 . . . . Parts Field Recycled . | . . . . . . Retrieved Matter . | . . . . . . Parts Self-Destructed . | . . . . . . Prevented . | . . . . . . Kills | -11 -10 -9 -9 -8 -7 ------- Run | Yrd Mat Mat Min Mat Fac Combat Hostiles Destroyed 8 | . 5 1 . . 2 Guns 4 | . 1 1 . . 2 AOE 4 | . 4 . . . . Classes Destroyed 3 | . 2 1 . . . Watcher 2 | . 2 . . . . Swarmer 7 | . 5 . . . 2 Sentry 1 | . . 1 . . . Best Kill Streak 7 | . 7 1 . . 1 Combat Bots Only 5 | . 5 1 . . 1 Max Kills in Single Turn 3 | . 3 1 . . 1 Gunslinging . | . . . . . . Exploded 2 | . 2 . . . . Melee . | . . . . . . Uniques/NPCs Destroyed . | . . . . . . Combat | -11 -10 -9 -9 -8 -7 -------- Run | Yrd Mat Mat Min Mat Fac Hostile Shots Fired 153 | . 38 28 . 58 29 Missed 73 | . 12 14 . 36 11 Damage Taken 1028 | . 196 228 . 261 343 Core 229 | . 60 83 . 45 41 Absorbed by Shields . | . . . . . . Core Remaining (%) 86 | 100 76 . 79 91 . Volleys Fired 46 | . 10 20 . 6 10 Largest 2 | . 1 2 . 1 1 Hottest 70 | . 30 70 . 55 55 Shots Fired 49 | . 10 23 . 6 10 Gun 43 | . 7 20 . 6 10 Cannon . | . . . . . . Launcher 6 | . 3 3 . . . Special . | . . . . . . Kinetic 7 | . 7 . . . . Thermal . | . . . . . . Explosive 6 | . 3 3 . . . Electromagnetic 36 | . . 20 . 6 10 Robot Hit Streak 9 | . 3 8 . 2 9 Robot Miss Streak 4 | . 1 4 . 1 1 Penetration Max . | . . . . . . Secondary Targets . | . . . . . . Shots Hit Robots 31 | . 5 13 . 4 9 Core Hits 18 | . 9 3 . 1 5 Critical Kills . | . . . . . . Critical Parts Destroyed . | . . . . . . Critical Strikes . | . . . . . . Melee Attacks . | . . . . . . Impact . | . . . . . . Slashing . | . . . . . . Piercing . | . . . . . . Sneak Attacks . | . . . . . . Combat Hostiles . | . . . . . . Follow-up Attacks . | . . . . . . Damage Inflicted 832 | . 473 160 . 43 156 Guns 356 | . 38 160 . 43 115 Cannons . | . . . . . . Explosions 476 | . 435 . . . 41 Melee . | . . . . . . Ramming . | . . . . . . Kinetic 38 | . 38 . . . . Thermal 41 | . . . . . 41 Explosive 435 | . 435 . . . . Electromagnetic 318 | . . 160 . 43 115 Impact . | . . . . . . Slashing . | . . . . . . Piercing . | . . . . . . Highest Corruption 4 | . . . . . 4 Average Corruption 4 | . . . . . 4 Corruption Purged . | . . . . . . Corruption Blocked . | . . . . . . Overload Shots . | . . . . . . Overflow Damage 19 | . 11 . . . 8 Projectiles . | . . . . . . Explosions 19 | . 11 . . . 8 Melee . | . . . . . . Knockbacks . | . . . . . . Impact . | . . . . . . Kinetic . | . . . . . . Secondary . | . . . . . . Self-Inflicted Damage 53 | . . 28 . . 25 Shots 3 | . . 2 . . 1 Rammed . | . . . . . . Targets Rammed . | . . . . . . Kicked . | . . . . . . Crushed . | . . . . . . Highest Temperature 57 | . . 57 . 30 13 Average Temperature 15 | . . 16 . 12 13 Received Heat Transfer 222 | . . 96 . 126 . Siege Activations . | . . . . . . Robots Corrupted . | . . . . . . Combat Hostiles . | . . . . . . Parts Fried . | . . . . . . Impact Corruptions . | . . . . . . Robots Melted . | . . . . . . Combat Hostiles . | . . . . . . Parts Melted . | . . . . . . Heat Transferred 50 | . . . . . 50 Parts Sabotaged . | . . . . . . Parts Stolen . | . . . . . . Parts Stripped . | . . . . . . Power Chain Reactions 1 | . . . . . 1 Alert | -11 -10 -9 -9 -8 -7 ------- Run | Yrd Mat Mat Min Mat Fac Peak Influence 407 | . 240 407 158 386 238 Initial 175 | . . 101 158 61 175 Average 177 | . 146 233 158 210 190 Maximum Alert Level 2 | . 1 2 . 1 1 Low Security (%) 65 | 100 84 33 100 53 67 Level 1 34 | . 15 64 . 46 32 Level 2 . | . . 1 . . . Level 3 . | . . . . . . Level 4 . | . . . . . . Level 5 . | . . . . . . High Security . | . . . . . . Max Security . | . . . . . . Squads Dispatched 5 | . 1 1 1 2 . Investigation 3 | . 1 1 1 . . Extermination . | . . . . . . Reinforcement 2 | . . . . 2 . Assault . | . . . . . . Garrison . | . . . . . . Intercept . | . . . . . . Searches Triggered . | . . . . . . Construction Impeded . | . . . . . . Haulers Reinforced . | . . . . . . Active Scanning Responses . | . . . . . . Cargo Convoy Interrupts . | . . . . . . Stealth | -11 -10 -9 -9 -8 -7 --------- Run | Yrd Mat Mat Min Mat Fac Distress Signals 5 | . 2 2 . 1 . Communications Jammed . | . . . . . . Distress Signals . | . . . . . . Times Spotted 64 | . 10 19 . 27 8 Peak Tracking Total 11 | . 8 11 . 11 5 Tactical Retreats 13 | . 3 3 . 7 . Traps | -11 -10 -9 -9 -8 -7 ------- Run | Yrd Mat Mat Min Mat Fac Traps Triggered 2 | . 1 . . . 1 Indirectly . | . . . . . . Trap Hack Attempts . | . . . . . . Triggered . | . . . . . . Disarmed . | . . . . . . Reprogrammed . | . . . . . . Reused . | . . . . . . Traps Extracted . | . . . . . . Installed . | . . . . . . Triggered 1 | . . 1 . . . Machines | -11 -10 -9 -9 -8 -7 ---------- Run | Yrd Mat Mat Min Mat Fac Machines Disabled 1 | . . 1 . . . Max in Single Turn 1 | . . 1 . . . Machines Repaired . | . . . . . . Machines Dismantled . | . . . . . . Machines Sabotaged . | . . . . . . Overloaded Fab Kills . | . . . . . . Hacking | -11 -10 -9 -9 -8 -7 --------- Run | Yrd Mat Mat Min Mat Fac Machines Accessed 12 | . 5 3 1 3 . Terminals 11 | . 5 3 . 3 . Fabricators . | . . . . . . Repair Stations . | . . . . . . Recycling Units . | . . . . . . Scanalyzers . | . . . . . . Garrison Access . | . . . . . . Total Hacks 23 | . 8 7 1 7 . Successful 11 | . 4 3 1 3 . Failed 12 | . 4 4 . 4 . Catastrophic . | . . . . . . Database Lockouts . | . . . . . . Manual 14 | . 7 3 . 4 . Terminals 22 | . 8 7 . 7 . Fabricators . | . . . . . . Repair Stations . | . . . . . . Recycling Units . | . . . . . . Scanalyzers . | . . . . . . Garrison Access . | . . . . . . Terminal Hacks 6 | . 1 2 1 2 . Open Door 1 | . . . 1 . . Emergency Access Points 1 | . . 1 . . . Alert Level 1 | . . . . 1 . Hauler Manifests 1 | . . 1 . . . Zone Layout 2 | . 1 . . 1 . Fabricator Hacks . | . . . . . . Repair Station Hacks . | . . . . . . Recycling Unit Hacks . | . . . . . . Scanalyzer . | . . . . . . Garrison Access Hacks . | . . . . . . Unauthorized Hacks 5 | . 3 1 . 1 . Terminals 5 | . 3 1 . 1 . Assimilate 5 | . 3 1 . 1 . Fabricators . | . . . . . . Repair Stations . | . . . . . . Recycling Units . | . . . . . . Scanalyzers . | . . . . . . Garrison Access . | . . . . . . Data Cores Recovered . | . . . . . . Used . | . . . . . . Hacking Detections 6 | . 3 1 . 2 . Full Trace Events 1 | . . 1 . . . Feedback Events . | . . . . . . Feedback Blocked . | . . . . . . Robot Schematics Acquired . | . . . . . . Robots Built . | . . . . . . Authchips . | . . . . . . Time . | . . . . . . Total Robot Build Rating . | . . . . . . Part Schematics Acquired . | . . . . . . Parts Built . | . . . . . . Authchips . | . . . . . . Time . | . . . . . . Total Part Build Rating . | . . . . . . Parts Repaired . | . . . . . . Time . | . . . . . . Parts Recycled . | . . . . . . Recycled Matter . | . . . . . . Retrieved Matter . | . . . . . . Retrieved Components . | . . . . . . Parts Scanalyzed . | . . . . . . Part Schematics Acquired . | . . . . . . Parts Damaged . | . . . . . . Bothacking | -11 -10 -9 -9 -8 -7 ------------ Run | Yrd Mat Mat Min Mat Fac Used RIF Installer . | . . . . . . Robots Hacked . | . . . . . . Non-combat . | . . . . . . Combat . | . . . . . . Robot Hacks Applied . | . . . . . . Relay Couplers Released . | . . . . . . Fabnet Peak Effective % . | . . . . . . Robots Rewired . | . . . . . . Allies Hacked . | . . . . . . Hacks Repelled . | . . . . . . Allies | -11 -10 -9 -9 -8 -7 -------- Run | Yrd Mat Mat Min Mat Fac Total Allies . | . . . . . . Largest Group . | . . . . . . Highest-Rated Group . | . . . . . . Highest-Rated Ally . | . . . . . . Total Orders . | . . . . . . Ally Attacks . | . . . . . . Total Damage . | . . . . . . Kills . | . . . . . . Allies Corrupted . | . . . . . . Allies Melted . | . . . . . . Intel | -11 -10 -9 -9 -8 -7 ------- Run | Yrd Mat Mat Min Mat Fac Robot Analysis Total . | . . . . . . Derelict Logs Recovered . | . . . . . . Drone Launches . | . . . . . . Drone Recoveries . | . . . . . . Exploration | -11 -10 -9 -9 -8 -7 ------------- Run | Yrd Mat Mat Min Mat Fac Turns Passed 870 | 55 265 202 51 195 102 Spaces Moved 1782 | 37 491 457 156 444 197 Core 5 | 5 . . . . . Treads . | . . . . . . Legs 84 | 32 52 . . . . Wheels . | . . . . . . Hover . | . . . . . . Flight 1693 | . 439 457 156 444 197 Fastest Speed 31 | 50 37 31 32 32 32 Average Speed 38 | 110 45 31 32 35 33 Slowest Speed 120 | 120 120 37 32 114 115 Overloaded Moves . | . . . . . . Propulsion Burnouts . | . . . . . . Robots Hopped 14 | . . 7 1 6 . Cave-ins Triggered . | . . . . . . Exploration Rate (%) 29 | 3 58 39 29 40 7 Regions Visited 5 Branch Regions 1 Pre-discovered Areas . | . . . . . . Known Exits Taken 1 | . 1 . . . . Unknown Exits Taken 4 | 1 . 1 1 1 . Scrap Searched 1 | . . . 1 . . Spaces Dug 10 | . 10 . . . . Terrain Destroyed 50 | . 24 24 . . 2 Melee . | . . . . . . Projectile . | . . . . . . AOE 50 | . 24 24 . . 2 Terrain Rammed . | . . . . . . Walls Destroyed . | . . . . . . Machines Disabled . | . . . . . . Actions | -11 -10 -9 -9 -8 -7 --------- Run | Yrd Mat Mat Min Mat Fac Total 1900 | 48 524 481 155 469 223 Wait 9 | . 1 1 . 4 3 Move 1751 | 36 490 443 153 432 197 Hop 12 | . . 6 1 5 . Pick Up 26 | 6 7 3 1 8 1 Fast Attach 17 | 6 3 2 . 3 3 Attach 9 | . . 3 . 3 3 Detach 4 | . 1 . . 1 2 Swap 10 | . 3 3 . 2 2 Drop 16 | . 9 . . 5 2 Fire 46 | . 10 20 . 6 10 Melee . | . . . . . . Ram . | . . . . . . Kick . | . . . . . . Crush . | . . . . . . Escape Stasis . | . . . . . . Rewire . | . . . . . . Trap . | . . . . . . Miscellaneous . | . . . . . . Route ------- -11/Scrapyard -10/Materials (discovered 2 exits: *Mat / [*Min]) -9/Materials -9/Mines -8/Materials -7/Factory History --------- Turn | Location | Event 5 | -11/Scrapyard | Discovered new exit (range 15) 56 | -11/Scrapyard | Entered Materials 188 | -10/Materials | Discovered new exit (range 3) 276 | -10/Materials | Discovered new exit (range 11) 320 | -10/Materials | Identified exit to Materials 321 | -10/Materials | Entered another Materials area 321 | -9/Materials | Evolved 2 slots: Propulsion x2 469 | -9/Materials | Lost 4 parts (2n1u1w) 515 | -9/Materials | Discovered new exit (range 12) 523 | -9/Materials | Entered Mines 526 | -9/Mines | Met a Derelict shopkeep closing up shop 554 | -9/Mines | Discovered new exit (range 14) 574 | -9/Mines | Entered Materials 574 | -8/Materials | Evolved 2 slots: Utility x2 761 | -8/Materials | Discovered new exit (range 8) 769 | -8/Materials | Entered Factory 769 | -7/Factory | Evolved 2 slots: Propulsion x1, Utility x1 871 | -7/Factory | Self-destructed Last Messages --------------- (Destroy). 00807_ R-06 Scavenger destroyed. 00811_ Acquired Lightning Gun. 00814_ Dropped Corruption Screen. 00814_ Acquired Imp. Sensor Array. 00826_ Dropped Lgt. Ion Engine. 00838_ Chain reaction triggered in Lgt. Nuclear Core. 00838_ Xenon Bombardment Thruster destroyed. 00838_ Destroyed Xenon Bombardment Thruster. 00838_ Arc Projector destroyed. 00840_ Reaction Control System destroyed. 00844_ S-27 Virus IFF system glitched. 00844_ S-27 Virus destroyed. 00848_ Acquired Corrupted VTOL Module. 00848_ Integrated Corrupted VTOL Module (+4). 00849_ Adv. Targeting Computer destroyed. 00856_ U-05 Engineer builds a Door. 00865_ S-27 Virus destroyed. 00870_ VTOL Module destroyed. Map ----- +----------------------------------------------------+ | # #?# """ """ """ """ "??? | | * # """ ]]! #?# """ """ """ """ """? | | # """ ]!! #?# ? | | [% # """ ]!! #?# | | ###""/#######?? ???# ????? | | # #?????? ?????# %! #????????????? | | # ! #########+########+## #????????????? | | # # # #????????????? | | # # # #????????????? | | # # ! " # #????????????? | | # + " # #????????????? | | # # ! [ " # #????????????? | | # ####### # " # #??#######???? | | # #?????# # !! " # #? #???? | | #####+########??# # !! " # #? """ #???? | | #??# # ! " # # """ #???? | | #??# # " # # """ #???? | | #??# # " # + #???? | | #??# # ! # # ! """ #???? | | ! #??# ######### # """ #???? | | #??# ######### #? """ #???? | | #??# ! w u #? #???? | | #??# !! #??#######???? | | #??# ! """" #????????????? | | #??# """" #????????????? | | ##############??# @ """" #????????????? | | ! #???#### #????????????? | | #####T # ############## | | """ """ # ! | | """ """ # ^ | | """ """ # """ """ """ """ """ | | + """ """ """ """ """ ?? | | """ """ # """ """ """ """ ""???? | | """ """ # ######### ? | | """ """ # #???????#= """ """ """^""" """ ?? | | #######???????#%= """ """ """ """ ""???? | | #?????????????#[s """ """ """ """ "????? | | #?????????????#s ?????? | | ##########?????????????# ????? | | ???????????????????????# ????? | | ???????????????????????# ##########+#####????? | | ???????????????????????? #???????????????????? | | ???????????????????????? ???????????????????? | | ???????????????????????? #???????????????????? | | ???????????????????????? ?????????????????????? | | ?????????????????????????????????????????????????? | | ?????????????????????????????????????????????????? | | ?????????????????????????????????????????????????? | | ?????????????????????????????????????????????????? | | ?????????????????????????????????????????????????? | +----------------------------------------------------+ Best States ------------- Heat Dissipation 48 Energy Generation 10 Energy Capacity 125 Matter Stores 300 Matter Capacity 300 Sight Range 20 Robot Scan Range 14 Terrain Scan Density 10 Evasion (%) 71 Targeting Accuracy 8 Offensive Hacking 10 Item Schematics ----------------- None Robot Schematics ------------------ None Fabricated ------------ Nothing Alien Tech Used ----------------- None Achievements -------------- None Challenges ------------ None Game ------ Seed CooledWarpScreen Manual? 0 Play Time 00:29:00 Cumulative 19.5 hours Start 2024.09.06 @ 15:54:44 End 2024.09.06 @ 16:21:34 Sessions 1 Manual Loads 0 Difficulty Rogue Special Mode None Game No. 20 Rogue 20 Adventurer 0 Explorer 0 Win Type - Total 0 Types 0/0/0/0/0/0/0/0/0 Lore% 14 Gallery% 19 Achievement% 18 Wizard Run 0 Options --------- Layout 1 ASCII 0 Keyboard 1 Movement Numpad Keybinds 0 Fullscreen 2 Font 48/Tamsyn Map View 50x35 Zoom Use 0% Tactical HUD 1 Map Filters NONE Filters NONE Steam 1 RUN: 9153d410-ce78-4387-a126-5ff9003bb3a8